 Dungeon Crawl Stone Soup version 0.30-a0-632-g346586fe48 (webtiles) character file.

Game seed: 15028477867587105475

65 bmack86 the Trooper (level 3, 0/33 HPs)
             Began as a Minotaur Fighter on Jan 14, 2023.
             Killed from afar by Ijyb (15 damage)
             ... with a bolt of acid
             ... on level 3 of the Dungeon.
             The game lasted 00:04:35 (1490 turns).

bmack86 the Trooper (Minotaur Fighter)              Turns: 1490, Time: 00:04:36

Health: 0/33       AC:  5    Str: 22    XL:     3   Next: 92%
Magic:  2/2        EV:  7    Int:  5    God:
Gold:   112        SH:  4    Dex:  9    Spells: 2/2 levels left

rFire   . . .      SeeInvis .    a - +0 war axe
rCold   . . .      Faith    .    c - +0 buckler
rNeg    . . .      Spirit   .    o - +0 chain mail
rPois   .          Reflect  .    (helmet restricted)
rElec   .          Harm     .    (no cloak)
rCorr   .          Rampage  .    (no gloves)
Will    +....                    (no boots) Stlth
                                 (no amulet)
HPRegen 0.25/turn                k - ring of willpower
MPRegen 0.08/turn                (no ring)

@: corroded
A: horns 2, retaliatory headbutt
a: no special abilities


You were on level 3 of the Dungeon.
You visited 1 branch of the dungeon, and saw 3 of its levels.

You collected 112 gold pieces.

Inventory:

Hand Weapons
 a - a +0 war axe (weapon)
Armour
 c - a +0 buckler (worn)
 o - a +0 chain mail (worn)
Jewellery
 k - a ring of willpower (left hand)
Scrolls
 e - 2 scrolls of teleportation
 f - a scroll of torment {unknown}
 g - a scroll of poison {unknown}
 h - a scroll of fear
Potions
 d - 3 potions of might
 j - a potion of invisibility {unknown}
 l - 2 potions of magic
 m - 2 potions of curing


   Skills:
 + Level 4.1 Fighting
 * Level 3.7 Axes
 + Level 0.9 Throwing
 + Level 4.1 Armour
 + Level 4.0 Shields


You had 2 spell levels left.
You didn't know any spells.
Your spell library was empty.

Dungeon Overview and Level Annotations

Branches:
Dungeon (3/15)

Altars:

Annotations:
D:3 Ijyb


Innate Abilities, Weirdness & Mutations

You have a pair of horns on your head.
You reflexively headbutt those who attack you in melee.


Message History

You climb downwards.
There is a stone staircase leading up here.
As you read the scroll labelled YTOADU GAURU, it crumbles to dust.
You feel strangely unstable.
It was a scroll of teleportation.
You climb upwards.
There is a stone staircase leading down here.
Your surroundings suddenly seem different.
There is a stone staircase leading down here.
You climb downwards.
There is a stone staircase leading up here.
As you read the scroll labelled PIXEUCR IPLI, it crumbles to dust.
You assume a fearsome visage.
Nothing appears to happen.
It was a scroll of fear.
As you read the scroll labelled WAUWYDW OVUMPI, it crumbles to dust.
It is a scroll of identify.
l - 2 potions of magic
As you read the scroll of identify, it crumbles to dust.
m - 2 potions of curing
There is a stone staircase leading up here.
Found a stone staircase leading down.
There is a stone staircase leading down here.
You open the door.
There is an open door here.
Ijyb the Twisted Goblin comes into view.
She is wielding a +0 dagger and carrying a wand of acid (8).
Ijyb shouts!
You throw a poisoned dart. The poisoned dart hits Ijyb.
Ijyb is poisoned.
You throw a poisoned dart. The poisoned dart barely misses Ijyb.
You block Ijyb's attack.
You hit Ijyb but do no damage.
Ijyb is lightly wounded.
Ijyb hits you but does no damage.
Ijyb zaps a wand.
The bolt of acid hits you!
Ouch! That really hurt!
The acid corrodes you!
You closely miss Ijyb.
Ijyb is lightly wounded.
Ijyb hits you with a +0 dagger.
You barely miss Ijyb. Your headbutt misses Ijyb.
Ijyb is moderately wounded.
Ijyb zaps a wand.
The bolt of acid hits you!
You die...

#.......# .. #.#.###.#
####.# #.#.###.# .....
#.#.....# ##...##
#.#####.# ##.....##
#.#####.#
##.......###......>#
#.........####...#.#####
+.((..g@..'.............
#.........####...#.#####
##.......## ##....#
##.....## ##.### ##...##
#.# ##+# #.# #.# #.# #.#


You could see Ijyb (poisoned).

Vanquished Creatures
  An adder (D:2)
  A worm (D:2)
  A dart slug (D:2)
  2 ball pythons
  2 bats
  3 endoplasms
  A giant cockroach (D:2)
  9 hobgoblins
  4 jackals (D:2)
  2 quokkas
  3 frilled lizards
  8 goblins
  4 kobolds
  5 rats
46 creatures vanquished.

Notes
Turn   | Place    | Note
-------+----------+-------------------------------------------
     0 | D:1      | bmack86 the Minotaur Fighter began the quest for the Orb.
     0 | D:1      | Reached XP level 1. HP: 19/19 MP: 0/0
   129 | D:1      | Found a faded altar of an unknown god.
   139 | D:1      | Reached XP level 2. HP: 22/27 MP: 1/1
   540 | D:2      | Reached XP level 3. HP: 33/33 MP: 2/2
  1483 | D:3      | Noticed Ijyb
  1490 | D:3      | Killed from afar by Ijyb

Illustrated notes

Levels and vault maps discovered:
D:1:      dpeg_arrival_morbid_curiosity, layout_rooms,
          ebering_ecumenical_altar_mist, columned_hall_lemuel
D:2:      layout_basic, nicolae_kite_square_tiling_tiny, moated_statue
D:3:      layout_loops_corners, uniq_robin, uniq_ijyb

Skill      XL: |  1  2  3 |
---------------+----------+-----
Axes           | 3 |  3.7
Fighting       | 4 |  4.1
Armour         | 4 |  4.1
Shields        | 4 |  4.0
Throwing       | |  0.9

Action                   || total
-------------------------++-------
Melee: War axe           ||    91
       Headbutt          ||     9
Throw: Dart              ||     2
  Use: Scroll            ||     4
Armor: Scale mail        ||    49
       Chain mail        ||    12
Dodge: Dodged            ||    55
Block: Buckler           ||    28

Table legend: (Time is in decaauts)
 A = Elapsed time spent in this place.
 B = Non-inter-level travel time spent in this place.
 C = Inter-level travel time spent in this place.
 D = Time resting spent in this place.
 E = Time spent auto-exploring this place.
 F = Levels seen in this place.
 G = Mean time per level.
                   A        B        C        D        E       F      G
               +--------+--------+--------+--------+--------+-----+--------+
         Total |   1523 |   1470 |     53 |      0 |    932 |   3 |  507.7 |
       Dungeon |   1523 |   1470 |     53 |      0 |    932 |   3 |  507.7 |
               +--------+--------+--------+--------+--------+-----+--------+

Top non-repeatable levels by time:
     D:2: 930 daAuts
     D:1: 544 daAuts
     D:3: 49 daAuts
